Map: Tokamak LE

Players

Zoun - Winner!

  • Race: Protoss Protoss
  • League: Master
  • Spawn Location: 7:00

Remarcable (uThermal)

  • Race: Protoss Protoss
  • League: Grandmaster
  • Spawn Location: 1:00

Event: HomeStory Cup XXVII

VOD

Have the link to the VOD?

Description

Time

  • Played on: June 28, 2025, 9:38 a.m.
  • Length: 12:51

All games in this series

Show
View Real Time Build Order
Export as new Build Order

Zoun Protoss - Winner!

Build Orders: Phoenix Opening, Blink Stalkers 

Get SALT Encoding   

  12  0:00  Probe  
  13  0:12  Probe  
  14  0:16  Pylon  
  14  0:23  Probe  
  15  0:31  Probe  
  16  0:36  Gateway  
  16  0:39  Probe  
  16  0:46  Assimilator  
  17  0:50  Probe  
  17  0:54  Assimilator  
  18  1:00  Probe  
  19  1:08  Gateway, Probe  
  19  1:17  Probe  
  21  1:25  Cybernetics Core  
  21  1:29  Probe  
  22  1:36  Pylon  
  22  1:41  Probe  
  23  1:54  Probe  
  23  1:58  Stalker  
  23  1:59  Stalker  
  24  2:06  Warp Gate, Probe  
  29  2:14  Pylon  
  29  2:25  Pylon  
  29  2:31  Stalker  
  29  2:32  Stalker  
  32  2:49  Shield Battery  
  32  3:08  Nexus  
  32  3:13  Probe  
  32  3:15  Sentry  
  32  3:17  Sentry  
  37  3:24  Pylon  
  37  3:30  Probe  
  38  3:45  Probe  
  39  3:49  Phoenix  
  39  3:52  Twilight Council  
  39  3:57  Probe  
  39  3:59  Blink  
  38  4:09  Probe  
  37  4:10  Stalker x2  
  37  4:13  Shield Battery  
  37  4:16  Probe  
  41  4:17  Probe  
  41  4:24  Phoenix, Probe  
  43  4:26  Probe  
  45  4:34  Probe  
  45  4:37  Probe  
  47  4:44  Adept  
  47  4:45  Adept  
  51  4:46  Probe  
  51  4:49  Probe  
  53  4:56  Robotics Facility  
  53  4:58  Probe  
  54  5:01  Probe  
  54  5:05  Sentry, Stalker  
  59  5:11  Pylon, Probe  
  60  5:16  Assimilator  
  60  5:24  Gateway  
  60  5:25  Gateway, Probe  
  60  5:27  Probe  
  62  5:32  Stalker x2  
  66  5:41  Pylon  
  66  5:44  Observer  
  67  5:52  Pylon  
  67  5:57  Stalker  
  67  5:59  Shield Battery  
  69  6:04  Stalker, Nexus  
  69  6:10  Probe  
  72  6:11  Pylon  
  72  6:16  Robotics Bay  
  72  6:19  Probe  
  72  6:22  Observer, Probe  
  74  6:27  Stalker  
  74  6:28  Stalker  
  74  6:31  Probe  
  79  6:34  Probe  
  79  6:37  Shield Battery  
  80  6:43  Probe  
  80  6:44  Forge  
  80  6:46  Probe  
  82  6:55  Gateway, Probe  
  82  6:57  Gateway  
  82  6:59  Probe  
  82  7:00  Disruptor  
  84  7:06  Observer  
  84  7:07  Probe  
  85  7:10  Observer  
  85  7:15  Protoss Ground Weapons Level 1, Probe  
  90  7:19  Probe  
  90  7:20  Observer  
  90  7:21  Probe, Charge  
  90  7:23  Pylon  
  90  7:25  Stalker x2  
  90  7:27  Probe  
  90  7:29  Disruptor  
  93  7:31  Probe  
  93  7:34  Probe  
  99  7:39  Probe  
  100  7:45  Stalker x2  
  100  7:47  Shield Battery  
  100  7:51  Photon Cannon  
  104  7:53  Stalker  
  104  7:54  Zealot x3  
  112  7:59  Gateway  
  112  8:01  Gateway  
  112  8:07  Disruptor  
  114  8:13  Stalker  
  112  8:21  Zealot x3  
  112  8:26  Stalker  
  116  8:34  Stalker  
  106  8:36  Stalker  
  102  8:42  Probe  
  102  8:44  Zealot x3  
  93  8:49  Probe x2  
  93  8:54  Observer  
  93  8:55  Probe  
  93  8:57  Assimilator  
  93  9:01  Probe  
  91  9:04  Zealot x6  
  91  9:09  Nexus  
  103  9:10  Protoss Ground Weapons Level 2  
  103  9:14  Sentry, Stalker  
  107  9:17  Pylon  
  107  9:22  Nexus  
  101  9:26  Observer  
  101  9:32  Stalker x3  
  101  9:36  Disruptor  
  107  9:42  Probe x2  
  107  9:45  Shield Battery  
  109  9:46  Photon Cannon  
  109  9:48  Probe  
  109  9:50  Zealot  
  116  9:54  Probe  
  116  9:57  Probe  
  118  10:00  Probe  
  118  10:06  Stalker x3  
  125  10:08  Observer  
  125  10:10  Pylon  
  125  10:12  Pylon  
  125  10:17  Pylon  
  125  10:18  Observer  
  125  10:22  Probe x2  
  125  10:28  Stalker x2  
  129  10:29  Stalker  
  129  10:31  Observer  
  129  10:33  Pylon  
  129  10:34  Pylon, Stalker x2  
  133  10:40  Photon Cannon  
  133  10:45  Zealot x3  
  133  10:57  Stalker x5  
  133  11:06  Stalker x2  
  133  11:07  Stalker  
  128  11:21  Zealot x5  
  128  11:22  Observer  
  132  11:31  Zealot x3  
  139  11:33  Gateway  
  139  11:34  Gateway  
  137  11:41  Sentry  
  137  11:42  Stalker x3, Warp Prism  
  147  11:48  Stalker  
  147  11:50  Photon Cannon  
  147  11:52  Stalker  
  151  11:57  Zealot x2  
  155  12:05  Zealot x4  
  157  12:19  Stalker x4  
  158  12:33  Stalker x5  
Show
View Real Time Build Order
Export as new Build Order

Remarcable Protoss 

Build Orders:  

Get SALT Encoding   

  12  0:00  Probe  
  13  0:12  Probe  
  14  0:17  Pylon  
  14  0:24  Probe  
  15  0:33  Probe  
  15  0:38  Gateway  
  15  0:41  Probe  
  16  0:49  Assimilator  
  17  0:51  Probe  
  18  0:58  Pylon  
  18  1:03  Probe  
  19  1:06  Assimilator  
  19  1:15  Probe  
  20  1:24  Probe  
  20  1:25  Cybernetics Core  
  20  1:30  Zealot  
  23  1:33  Probe  
  24  1:41  Probe  
  25  1:53  Probe  
  26  2:01  Sentry  
  28  2:17  Warp Gate, Probe  
  28  2:20  Pylon  
  29  2:29  Sentry  
  30  2:38  Nexus  
  30  2:43  Probe, Robotics Facility  
  31  2:49  Pylon  
  31  2:52  Sentry  
  31  2:55  Probe  
  34  3:07  Probe  
  34  3:09  Shield Battery  
  35  3:15  Sentry  
  35  3:19  Probe  
  38  3:22  Immortal  
  38  3:31  Probe  
  41  3:44  Probe  
  42  3:49  Stalker  
  42  3:50  Probe  
  44  3:56  Probe  
  44  4:02  Probe  
  44  4:03  Immortal  
  44  4:08  Probe  
  47  4:14  Probe  
  48  4:18  Gateway  
  48  4:20  Probe  
  49  4:26  Probe, Twilight Council  
  50  4:32  Probe  
  50  4:35  Warp Prism  
  51  4:40  Sentry  
  51  4:41  Probe  
  51  4:44  Blink  
  56  4:47  Pylon  
  56  4:50  Phoenix, Probe  
  57  4:53  Probe  
  58  5:01  Gateway  
  58  5:02  Gateway  
  58  5:07  Probe  
  58  5:11  Probe  
  58  5:13  Assimilator  
  60  5:19  Probe  
  60  5:20  Stalker x2  
  65  5:23  Probe  
  66  5:32  Pylon  
  66  5:38  Nexus  
  66  5:41  Probe x2  
  68  5:43  Observer  
  68  5:47  Phoenix  
  69  5:50  Stalker x2  
  69  5:53  Probe x2  
  75  6:00  Assimilator  
  75  6:05  Probe  
  75  6:06  Stalker  
  75  6:09  Pylon  
  75  6:10  Shield Battery  
  78  6:18  Pylon  
  78  6:27  Probe x2  
  78  6:30  Stalker x3  
  86  6:33  Pylon  
  86  6:39  Probe x2  
  88  6:41  Observer  
  88  6:43  Gateway x2  
  88  6:50  Probe  
  88  6:53  Forge, Stalker  
  88  6:54  Stalker  
  93  6:56  Probe  
  94  7:01  Probe  
  94  7:02  Probe  
  94  7:07  Phoenix, Stalker x2  
  98  7:09  Probe  
  98  7:12  Protoss Ground Weapons Level 1  
  98  7:14  Probe  
  98  7:15  Pylon  
  100  7:21  Stalker x2  
  100  7:22  Probe x2  
  106  7:31  Stalker x2  
  110  7:37  Probe  
  109  7:44  Stalker x4  
  109  7:46  Probe  
  118  7:52  Assimilator  
  118  7:53  Pylon  
  118  7:54  Stalker  
  118  7:58  Stalker  
  122  7:59  Probe  
  122  8:00  Probe  
  122  8:16  Stalker x4  
  122  8:18  Probe x2  
  126  8:21  Probe  
  119  8:30  Probe  
  119  8:31  Probe  
  119  8:33  Probe  
  116  8:42  Probe  
  116  8:43  Probe  
  116  8:44  Stalker x6  
  116  8:45  Probe  
  111  8:54  Probe  
  111  8:55  Probe  
  107  8:58  Probe  
  108  9:07  Stalker x4  
  108  9:08  Pylon, Stalker x2, Nexus  
  120  9:11  Probe  
  120  9:15  Assimilator  
  121  9:20  Protoss Ground Weapons Level 2  
  117  9:30  Stalker  
  117  9:31  Stalker x5  
  127  9:32  Probe  
  127  9:33  Probe x2  
  130  9:47  Photon Cannon  
  130  9:48  Charge  
  130  9:51  Probe x2  
  130  9:52  Observer  
  132  9:54  Pylon  
  132  9:58  Pylon  
  132  10:02  Photon Cannon  
  132  10:03  Shield Battery  
  132  10:04  Photon Cannon  
  132  10:06  Stalker x2  
  136  10:07  Stalker  
  138  10:14  Observer  
  138  10:16  Pylon  
  136  10:22  Stalker x2  
  136  10:23  Observer, Stalker  
  142  10:34  Warp Prism  
  144  10:39  Gateway, Stalker x2  
  144  10:41  Gateway  
  148  10:43  Stalker  
  146  10:58  Nexus  
  143  11:09  Stalker x6  
  143  11:10  Probe  
  143  11:11  Probe  
  131  11:32  Stalker x6  
  141  11:35  Probe x3  
  144  11:43  Gateway x2  
  142  11:56  Stalker x8  
  158  12:02  Pylon  
  158  12:04  Observer  
  158  12:05  Pylon  
  146  12:22  Observer  
  118  12:23  Stalker x3  
  118  12:25  Zealot x5  
  118  12:27  Stalker x5  
  110  12:42  Stalker x2  
Tags
 
Add a new tag
Caveats
  • Supply blocks, unpowered buildings, or Contaminate may cause inaccurate times.
  • Supply counts are checked every 10 seconds.